TOP OF THE 1ST |
Colorado Avalanche batting - Pitching for Kelowna Heat : RHP François Leclerc
|
Pitching: RHP François Leclerc
|
|
Batting: LHB Glenn Lowther
|
0-0: Ball 1-0: Ball 2-0: Ball 3-0: Called Strike 3-1: Called Strike 3-2: Foul Ball, location: 2F 3-2: Base on Balls
|
Batting: LHB Mick Tucker
|
0-0: Called Strike Glenn Lowther steals 2nd base (no throw) 0-1: Ball 1-1: Fly out, F7 (Line Drive, 78D, EV 93.8 MPH)
|
Batting: RHB Eric Delgado
|
0-0: Ball 1-0: Foul Ball, location: 2F 1-1: 2-RUN HOME RUN (Flyball, 78XD, EV 107.5 MPH), Distance : 426 ft
|
Batting: SHB Ken Griffey IV
|
0-0: Swinging Strike 0-1: Foul Ball, location: 2F 0-2: Foul Ball, location: 2F 0-2: Strikes out swinging
|
Batting: RHB Dan Hoffman
|
0-0: Fly out, F7 (Flyball, 7D, EV 93.1 MPH)
|
Top of the 1st over - 2 runs, 1 hit, 0 errors, 0 left on base; Colorado 2 - Kelowna 0 |
BOTTOM OF THE 1ST |
Kelowna Heat batting - Pitching for Colorado Avalanche : RHP Diego Arredondo
|
Pitching: RHP Diego Arredondo
|
|
Batting: RHB Vinny Torres
|
0-0: Ball 1-0: Fly out, F9 (Line Drive, 9S, EV 88.1 MPH)
|
Batting: RHB Ryan Roberts
|
0-0: Foul Ball, location: 2F 0-1: Foul Ball, location: 2F 0-2: Ball 1-2: Strikes out swinging
|
Batting: LHB Alex Larangho
|
0-0: Called Strike 0-1: Ball 1-1: Foul Ball, location: 2F 1-2: Foul Ball, location: 2F 1-2: Ball 2-2: Foul Ball, location: 2F 2-2: SOLO HOME RUN (Flyball, 78XD, EV 111.2 MPH), Distance : 421 ft
|
Batting: RHB Tsugio Yamaguchi
|
0-0: Called Strike 0-1: Ball 1-1: Called Strike 1-2: Fly out, F9 (Flyball, 9D, EV 98.1 MPH)
|
Bottom of the 1st over - 1 run, 1 hit, 0 errors, 0 left on base; Colorado 2 - Kelowna 1 |
TOP OF THE 2ND |
Colorado Avalanche batting - Pitching for Kelowna Heat : RHP François Leclerc
|
Batting: LHB Zane Kelton
|
0-0: Swinging Strike 0-1: Ball 1-1: Foul Ball, location: 2F 1-2: Foul Ball, location: 2F 1-2: Foul Ball, location: 2F 1-2: Foul Ball, location: 2F 1-2: Foul Ball, location: 2F 1-2: Ball 2-2: Foul Ball, location: 2F 2-2: Foul Ball, location: 2F 2-2: TRIPLE (Flyball, 7D, EV 87.5 MPH)
|
Batting: RHB Bob Hayes
|
0-0: Ball 1-0: Fly out, F8 (Flyball, 8RXD, EV 103.1 MPH) Runner from 3rd tags up, SCORES, no throw by CF
|
Batting: RHB Aaron Burnet
|
0-0: Called Strike 0-1: Fly out, F8 (Line Drive, 78M, EV 102.5 MPH)
|
Batting: RHB Mike Chiquete
|
0-0: Foul Ball, location: 2F 0-1: Ground out 1-3 (Groundball, P, EV 73.8 MPH)
|
Top of the 2nd over - 1 run, 1 hit, 0 errors, 0 left on base; Colorado 3 - Kelowna 1 |
BOTTOM OF THE 2ND |
Kelowna Heat batting - Pitching for Colorado Avalanche : RHP Diego Arredondo
|
Batting: RHB Noe Oliva
|
0-0: Ball 1-0: Foul Ball, location: 2F 1-1: Called Strike 1-2: Strikes out swinging
|
Batting: RHB Soichi Kaneshiro
|
0-0: Ball 1-0: Ball 2-0: Foul Ball, location: 2F 2-1: Ball 3-1: Fly out, F8 (Flyball, 8LD, EV 101.9 MPH)
|
Batting: RHB Azeem bin Zuhair
|
0-0: Foul Ball, location: 2F 0-1: Foul Ball, location: 2F 0-2: Foul Ball, location: 2F 0-2: Ball 1-2: Strikes out swinging
|
Bottom of the 2nd over - 0 runs, 0 hits, 0 errors, 0 left on base; Colorado 3 - Kelowna 1 |
TOP OF THE 3RD |
Colorado Avalanche batting - Pitching for Kelowna Heat : RHP François Leclerc
|
Batting: LHB Glenn Lowther
|
0-0: Ball 1-0: DOUBLE (Flyball, 8LXD, EV 103.8 MPH)
|
Batting: LHB Mick Tucker
|
0-0: Ball 1-0: Swinging Strike 1-1: Ball 2-1: SINGLE (Line Drive, 89M, EV 101.9 MPH) Glenn Lowther to third
|
Batting: RHB Eric Delgado
|
0-0: Foul Ball, location: 2F 0-1: Ball 1-1: Ball 2-1: Foul Ball, location: 2F 2-2: Foul Ball, location: 2F 2-2: Fly out, F7 (Line Drive, 78D, EV 95.0 MPH) Runner from 3rd tags up, SCORES, no throw by LF
|
Batting: SHB Ken Griffey IV
|
0-0: DOUBLE (Flyball, 8RXD, EV 106.9 MPH) Mick Tucker to third Runner from 3rd tries for Home, SAFE, throw by CF to home
|
Batting: RHB Dan Hoffman
|
0-0: Ball 1-0: Swinging Strike Passed Ball! Ken Griffey IV to third 1-1: Called Strike 1-2: Ball 2-2: 2-RUN HOME RUN (Flyball, 78XD, EV 103.8 MPH), Distance : 437 ft
|
Batting: LHB Zane Kelton
|
0-0: Ball 1-0: Swinging Strike 1-1: Ball 2-1: Foul Ball, location: 2F 2-2: Ball 3-2: Fly out, F6 (Popup, 15S, EV 92.5 MPH)
|
Batting: RHB Bob Hayes
|
0-0: Called Strike 0-1: Ball 1-1: Foul Ball, location: 2F 1-2: Fly out, F9 (Flyball, 9D, EV 92.5 MPH)
|
Top of the 3rd over - 4 runs, 4 hits, 0 errors, 0 left on base; Colorado 7 - Kelowna 1 |
BOTTOM OF THE 3RD |
Kelowna Heat batting - Pitching for Colorado Avalanche : RHP Diego Arredondo
|
Batting: SHB Michael Woodard
|
0-0: Swinging Strike 0-1: Foul Ball, location: 2F 0-2: Ball 1-2: Strikes out swinging
|
Batting: SHB Cedric Sweep
|
0-0: Swinging Strike 0-1: Called Strike 0-2: Strikes out swinging
|
Batting: RHB Vinny Torres
|
0-0: Foul Ball, location: 2F 0-1: Foul Ball, location: 2F 0-2: Ball 1-2: Ball 2-2: Strikes out swinging
|
Bottom of the 3rd over - 0 runs, 0 hits, 0 errors, 0 left on base; Colorado 7 - Kelowna 1 |
TOP OF THE 4TH |
Colorado Avalanche batting - Pitching for Kelowna Heat : RHP François Leclerc
|
Batting: RHB Aaron Burnet
|
0-0: Ball 1-0: Ground out 4-3 (Groundball, 4, EV 77.5 MPH)
|
Batting: RHB Mike Chiquete
|
0-0: Fly out, F3 (Popup, 3, EV 74.4 MPH)
|
Batting: LHB Glenn Lowther
|
0-0: Ball 1-0: Ball 2-0: Ball 3-0: Called Strike 3-1: Base on Balls
|
Batting: LHB Mick Tucker
|
0-0: Ball 1-0: Called Strike 1-1: Swinging Strike 1-2: Ball 2-2: Foul Ball, location: 2F 2-2: Strikes out swinging
|
Top of the 4th over - 0 runs, 0 hits, 0 errors, 1 left on base; Colorado 7 - Kelowna 1 |
BOTTOM OF THE 4TH |
Kelowna Heat batting - Pitching for Colorado Avalanche : RHP Diego Arredondo
|
Batting: RHB Ryan Roberts
|
0-0: Ball 1-0: Foul Ball, location: 2F 1-1: Foul Ball, location: 2F 1-2: Ball 2-2: Ball 3-2: Fly out, F8 (Line Drive, 8LD, EV 91.9 MPH)
|
Batting: LHB Alex Larangho
|
0-0: Swinging Strike 0-1: Ball 1-1: Swinging Strike 1-2: Foul Ball, location: 2F 1-2: Foul Ball, location: 2F 1-2: Ball 2-2: Ball 3-2: Foul Ball, location: 2F 3-2: Base on Balls
|
Batting: RHB Tsugio Yamaguchi
|
0-0: Fly out, F8 (Flyball, 8LD, EV 87.5 MPH)
|
Batting: RHB Noe Oliva
|
0-0: Swinging Strike 0-1: Foul Ball, location: 2F 0-2: Strikes out swinging
|
Bottom of the 4th over - 0 runs, 0 hits, 0 errors, 1 left on base; Colorado 7 - Kelowna 1 |
TOP OF THE 5TH |
Colorado Avalanche batting - Pitching for Kelowna Heat : RHP François Leclerc
|
Batting: RHB Eric Delgado
|
0-0: Foul Ball, location: 2F 0-1: Ground out 5-3 (Groundball, 56, EV 83.8 MPH)
|
Batting: SHB Ken Griffey IV
|
0-0: Called Strike 0-1: Ball 1-1: Called Strike 1-2: Ball 2-2: Strikes out swinging
|
Batting: RHB Dan Hoffman
|
0-0: Called Strike 0-1: Called Strike 0-2: Ball 1-2: Ground out 6-3 (Groundball, 6, EV 96.9 MPH)
|
Top of the 5th over - 0 runs, 0 hits, 0 errors, 0 left on base; Colorado 7 - Kelowna 1 |
BOTTOM OF THE 5TH |
Kelowna Heat batting - Pitching for Colorado Avalanche : RHP Diego Arredondo
|
Batting: RHB Soichi Kaneshiro
|
0-0: Called Strike 0-1: Ball 1-1: Ball 2-1: Fly out, F8 (Line Drive, 8LM, EV 90.6 MPH)
|
Batting: RHB Azeem bin Zuhair
|
0-0: Ball 1-0: Fly out, F7 (Flyball, 7S, EV 88.8 MPH)
|
Batting: SHB Michael Woodard
|
0-0: Ball 1-0: Fly out, F8 (Flyball, 8RS, EV 91.9 MPH)
|
Bottom of the 5th over - 0 runs, 0 hits, 0 errors, 0 left on base; Colorado 7 - Kelowna 1 |
TOP OF THE 6TH |
Colorado Avalanche batting - Pitching for Kelowna Heat : RHP François Leclerc
|
Batting: LHB Zane Kelton
|
0-0: Called Strike 0-1: Ball 1-1: Foul Ball, location: 2F 1-2: Foul Ball, location: 2F 1-2: Ball 2-2: Reached on error, E5 (Groundball, 5, EV 90.0 MPH)
|
Batting: RHB Bob Hayes
|
0-0: Swinging Strike 0-1: Foul Ball, location: 2F 0-2: SINGLE (Line Drive, 89S, EV 101.2 MPH) Zane Kelton to second
|
Batting: RHB Aaron Burnet
|
0-0: Ball 1-0: Foul Ball, location: 2F 1-1: Ball 2-1: Ball Wild Pitch! Zane Kelton to third Bob Hayes to second 3-1: Base on Balls
|
Batting: RHB Mike Chiquete
|
0-0: Called Strike 0-1: Called Strike 0-2: Ball 1-2: Ball 2-2: Grounds into double play, 6-4-3 (Groundball, 6S, EV 91.9 MPH) Zane Kelton scores Bob Hayes to third
|
Pitching: LHP Jason Haas
|
|
Batting: LHB Glenn Lowther
|
0-0: SINGLE (Groundball, 6S, EV 67.5 MPH) (infield hit) Bob Hayes scores
|
Batting: LHB Mick Tucker
|
0-0: Called Strike Glenn Lowther steals 2nd base (no throw) 0-1: Ball 1-1: Called Strike 1-2: Reached on error, E4 (Groundball, 4, EV 98.1 MPH) Glenn Lowther to third
|
Batting: RHB Eric Delgado
|
0-0: Called Strike 0-1: Ball 1-1: Ball 2-1: Foul Ball, location: 2F 2-2: Ball 3-2: SINGLE (Groundball, 56D, EV 97.5 MPH) Glenn Lowther scores Mick Tucker to second Mick Tucker to third
|
Batting: SHB Ken Griffey IV
|
0-0: Ball 1-0: Ball Wild Pitch! Mick Tucker scores Eric Delgado to second 2-0: Foul Ball, location: 2F 2-1: TRIPLE (Line Drive, 78XD, EV 111.9 MPH) Eric Delgado scores
|
Batting: RHB Dan Hoffman
|
0-0: Called Strike 0-1: Ball 1-1: Ball Wild Pitch! Ken Griffey IV scores 2-1: SINGLE (Line Drive, 56D, EV 95.6 MPH)
|
Pitching: LHP Ricky Aguilar
|
|
Batting: LHB Zane Kelton
|
0-0: Ball 1-0: Foul Ball, location: 2F 1-1: Ball Wild Pitch! Dan Hoffman to second 2-1: 2-RUN HOME RUN (Flyball, 89XD, EV 110.0 MPH), Distance : 413 ft
|
Batting: RHB Bob Hayes
|
0-0: Called Strike 0-1: Foul Ball, location: 2F 0-2: Ball 1-2: Ground out 6-3 (Groundball, 6, EV 90.0 MPH)
|
Top of the 6th over - 8 runs, 6 hits, 2 errors, 0 left on base; Colorado 15 - Kelowna 1 |
BOTTOM OF THE 6TH |
Kelowna Heat batting - Pitching for Colorado Avalanche : RHP Diego Arredondo
|
Batting: SHB Cedric Sweep
|
0-0: Called Strike 0-1: Ball 1-1: Ball 2-1: Called Strike 2-2: Foul Ball, location: 2F 2-2: Ball 3-2: Strikes out looking
|
Batting: RHB Vinny Torres
|
0-0: Called Strike 0-1: Called Strike 0-2: Ground out 4-3 (Groundball, 4, EV 78.8 MPH)
|
Batting: RHB Ryan Roberts
|
0-0: Called Strike 0-1: Ground out 5-3 (Groundball, 56, EV 87.5 MPH)
|
Bottom of the 6th over - 0 runs, 0 hits, 0 errors, 0 left on base; Colorado 15 - Kelowna 1 |
TOP OF THE 7TH |
Colorado Avalanche batting - Pitching for Kelowna Heat : LHP Ricky Aguilar
|
Batting: RHB Aaron Burnet
|
0-0: Ball 1-0: Ball 2-0: Foul Ball, location: 2F 2-1: Ball 3-1: Foul Ball, location: 2F 3-2: SINGLE (Flyball, 5D, EV 89.4 MPH)
|
Batting: RHB Mike Chiquete
|
0-0: Ball 1-0: Ball 2-0: Foul Ball, location: 2F 2-1: Ball 3-1: Base on Balls Aaron Burnet to second
|
Pinch Hitting: RHB Joe Shade
|
0-0: Ball 1-0: Swinging Strike 1-1: Ball Passed Ball! Aaron Burnet to third Mike Chiquete to second 2-1: Ball Wild Pitch! Aaron Burnet scores Mike Chiquete to third Balk! Mike Chiquete scores 3-1: Called Strike 3-2: Strikes out looking
|
Batting: LHB Mick Tucker
|
0-0: Ball 1-0: Ball 2-0: Ball 3-0: Called Strike 3-1: Fly out, F3 (Popup, 3F, EV 73.8 MPH)
|
Batting: RHB Eric Delgado
|
0-0: Ball 1-0: Foul Ball, location: 2F 1-1: Ball 2-1: Ball 3-1: Base on Balls
|
Batting: SHB Ken Griffey IV
|
0-0: Called Strike 0-1: Fly out, F6 (Popup, 6MS, EV 62.5 MPH)
|
Top of the 7th over - 2 runs, 1 hit, 0 errors, 1 left on base; Colorado 17 - Kelowna 1 |
BOTTOM OF THE 7TH |
Kelowna Heat batting - Pitching for Colorado Avalanche : RHP Diego Arredondo
|
Now in RF: Joe Shade
|
|
Batting: LHB Alex Larangho
|
0-0: Ball 1-0: Foul Ball, location: 2F 1-1: Ball 2-1: Ball 3-1: Base on Balls
|
Batting: RHB Tsugio Yamaguchi
|
0-0: Foul Ball, location: 2F 0-1: Called Strike 0-2: Ball 1-2: Ball 2-2: Strikes out looking
|
Batting: RHB Noe Oliva
|
0-0: Ball 1-0: Called Strike 1-1: Foul Ball, location: 2F 1-2: Fly out, F4 (Popup, 4, EV 68.1 MPH)
|
Batting: RHB Soichi Kaneshiro
|
0-0: Ball 1-0: Ball 2-0: Called Strike 2-1: Foul Ball, location: 2F 2-2: Strikes out looking
|
Bottom of the 7th over - 0 runs, 0 hits, 0 errors, 1 left on base; Colorado 17 - Kelowna 1 |
TOP OF THE 8TH |
Colorado Avalanche batting - Pitching for Kelowna Heat : LHP Ricky Aguilar
|
Batting: RHB Dan Hoffman
|
0-0: Ball 1-0: Called Strike 1-1: Ground out 4-3 (Groundball, 4, EV 88.1 MPH)
|
Pinch Hitting: SHB Alfonso Chacon
|
0-0: Ball 1-0: Ball 2-0: Swinging Strike 2-1: Ball 3-1: Base on Balls
|
Pitching: LHP Kuan Hsia
|
|
Pinch Hitting: RHB Luis Mendoza
|
0-0: Foul Ball, location: 2F 0-1: Foul Ball, location: 2F 0-2: Ball 1-2: Foul Ball, location: 2F 1-2: Ball 2-2: Foul Ball, location: 2F 2-2: Strikes out swinging
|
Batting: RHB Aaron Burnet
|
0-0: Ball 1-0: Called Strike 1-1: Ball 2-1: Called Strike 2-2: Ball 3-2: Foul Ball, location: 2F 3-2: Foul Ball, location: 2F 3-2: SINGLE (Groundball, 56S, EV 65.0 MPH) (infield hit) Alfonso Chacon to second
|
Batting: RHB Mike Chiquete
|
0-0: Fly out, F9 (Line Drive, 9, EV 91.9 MPH)
|
Top of the 8th over - 0 runs, 1 hit, 0 errors, 2 left on base; Colorado 17 - Kelowna 1 |
BOTTOM OF THE 8TH |
Kelowna Heat batting - Pitching for Colorado Avalanche : RHP Diego Arredondo
|
Pitching: RHP Ricardo Roman
|
|
Now at 2B: Alfonso Chacon
|
|
Now at 3B: Luis Mendoza
|
|
Pinch Hitting: LHB Adrian Navarro
|
0-0: Ball 1-0: Ball 2-0: Ball 3-0: Called Strike 3-1: Foul Ball, location: 2F 3-2: Fly out, F8 (Flyball, 8LXD, EV 84.4 MPH)
|
Batting: SHB Michael Woodard
|
0-0: Called Strike 0-1: Called Strike 0-2: Strikes out swinging
|
Batting: SHB Cedric Sweep
|
0-0: Ball 1-0: Ball 2-0: Foul Ball, location: 2F 2-1: Ball 3-1: Foul Ball, location: 2F 3-2: Fly out, F9 (Line Drive, 9, EV 97.5 MPH)
|
Bottom of the 8th over - 0 runs, 0 hits, 0 errors, 0 left on base; Colorado 17 - Kelowna 1 |
TOP OF THE 9TH |
Colorado Avalanche batting - Pitching for Kelowna Heat : LHP Kuan Hsia
|
Now in LF: Rúbem Trancoso
|
|
Batting: RHB Joe Shade
|
0-0: Called Strike 0-1: Foul Ball, location: 2F 0-2: Strikes out swinging
|
Batting: LHB Mick Tucker
|
0-0: Swinging Strike 0-1: Foul Ball, location: 2F 0-2: SINGLE (Groundball, 34D, EV 104.4 MPH)
|
Pinch Hitting: RHB Keith Giarratano
|
0-0: Ball 1-0: Swinging Strike 1-1: Swinging Strike 1-2: Ball 2-2: Ball 3-2: Base on Balls Mick Tucker to second
|
Batting: SHB Ken Griffey IV
|
0-0: Ball 1-0: SINGLE (Groundball, 4D, EV 100.0 MPH) Mick Tucker to third Keith Giarratano to second
|
Batting: RHB Dan Hoffman
|
0-0: Called Strike 0-1: Ball Wild Pitch! Mick Tucker scores Keith Giarratano to third Ken Griffey IV to second 1-1: Foul Ball, location: 2F 1-2: Ball 2-2: SINGLE (Line Drive, 56D, EV 100.0 MPH) Keith Giarratano scores Ken Griffey IV to third Runner from 3rd tries for Home, SAFE, throw by LF to home
|
Batting: SHB Alfonso Chacon
|
0-0: Ball 1-0: Ball 2-0: Swinging Strike 2-1: Ball 3-1: Swinging Strike 3-2: Strikes out swinging
|
Pitching: LHP Eddie Lemus
|
|
Pinch Hitting: SHB Brad Madden
|
0-0: Ball 1-0: Fly out, F7 (Flyball, 7LS, EV 91.2 MPH)
|
Top of the 9th over - 3 runs, 3 hits, 0 errors, 1 left on base; Colorado 20 - Kelowna 1 |
BOTTOM OF THE 9TH |
Kelowna Heat batting - Pitching for Colorado Avalanche : RHP Ricardo Roman
|
Now at C: Keith Giarratano
|
|
Now at 3B: Joe Shade
|
|
Now in RF: Josh Lofgreen
|
|
Batting: RHB Vinny Torres
|
0-0: Ground out 5-3 (Groundball, 5D, EV 103.8 MPH)
|
Batting: RHB Ryan Roberts
|
0-0: Ball 1-0: Ball 2-0: Fly out, F8 (Line Drive, 89M, EV 91.9 MPH)
|
Batting: LHB Alex Larangho
|
0-0: Swinging Strike 0-1: Ball 1-1: SOLO HOME RUN (Flyball, 9D, EV 98.1 MPH), Distance : 371 ft
|
Batting: RHB Tsugio Yamaguchi
|
0-0: Fly out, F9 (Flyball, 9, EV 90.0 MPH)
|
Bottom of the 9th over - 1 run, 1 hit, 0 errors, 0 left on base; Colorado 20 - Kelowna 2 |
|